 Dungeon Crawl Stone Soup version 0.22-a0-565-gfc6459a (webtiles) character file.

1429 inc the Conjurer (level 8, -4/46 HPs)
             Began as an Octopode Fire Elementalist on June 28, 2018.
             Hit by a tomahawk thrown by an orc warrior (19 damage)
             ... on level 6 of the Dungeon.
             The game lasted 00:14:03 (8447 turns).

inc the Conjurer (Octopode Fire Elementalist)       Turns: 8447, Time: 00:14:04

Health: -4/46      AC:  1    Str:  7    XL:     8   Next: 73%
Magic:  6/11       EV: 13    Int: 19    God:
Gold:   102        SH:  0    Dex: 13    Spells: 6/11 levels left

rFire    . . .     SeeInvis .   c - +0 short sword
rCold    . . .     Gourm    .   (no shield)
rNeg     + . .     Faith    .   (helmet restricted)
rPois    .         Spirit   .   (no amulet)
rElec    .         Reflect  .   q - ring of positive energy
rCorr    .         Harm     .   (no ring)
MR       .....                  (no ring)
Stlth    +++.......             (no ring)
HPRegen  0.15/turn              (no ring)
MPRegen  0.12/turn              (no ring)
                                (no ring)
                                (no ring)

@: no status effects
A: almost no armour, stealthy swim, amphibious, 8 rings, constrict 8, camouflage
1, gelatinous body 1
a: no special abilities


You were on level 6 of the Dungeon.
You were very hungry.

You visited 1 branch of the dungeon, and saw 6 of its levels.

You collected 167 gold pieces.
You spent 65 gold pieces at shops.

Inventory:

Hand Weapons
 c - a +0 short sword (weapon)
 j - a +0 mace
 v - a +0 blowgun
Jewellery
 q - a ring of positive energy (left tentacle)
 r - an uncursed ring of teleportation
 z - a +2 ring of strength {unknown}
Scrolls
 d - 4 scrolls of remove curse
 h - 2 scrolls of enchant weapon {unknown}
 k - a scroll of blinking {unknown}
 l - 3 scrolls of teleportation {unknown}
 n - a scroll of random uselessness {unknown}
 p - a scroll of enchant armour {unknown}
 s - a scroll of magic mapping {unknown}
 t - 2 scrolls of immolation {unknown}
 u - a scroll of silence {unknown}
 x - a scroll of identify
 y - a scroll of noise {unknown}
Potions
 a - 3 potions of lignification
 e - a potion of agility
 f - a potion of brilliance
 g - 2 potions of curing
 i - a potion of heal wounds
 m - a potion of might {unknown}
 o - 2 potions of haste {unknown}
 w - a potion of mutation {unknown}
Comestibles
 b - 3 rations


   Skills:
 - Level 2.0 Dodging
 - Level 2.6 Stealth
 - Level 2.0 Spellcasting
 + Level 7.8 Conjurations
 + Level 7.7 Fire Magic


You had 6 spell levels left.
You knew the following spells:

 Your Spells              Type           Power        Failure   Level  Hunger
a - Flame Tongue          Conj/Fire      ####.        1%          1    #......
b - Sticky Flame          Conj/Fire      ####....     7%          4    #####..

Your spell library contained the following spells:

 Spells                   Type           Power        Failure   Level  Hunger
 Fireball                 Conj/Fire      ####......   19%         5    ######.
 Conjure Flame            Conj/Fire      ####....     1%          3    ###....
 Throw Flame              Conj/Fire      ####..       1%          2    ###....
 Inner Flame              Hex/Fire       ###.....     11%         3    ###....


Dungeon Overview and Level Annotations

Branches:
Dungeon (6/15)
 Temple: D:4-7

Altars:
Makhleb
Nemelex Xobeh
Trog
Wu Jian
Xom

Shops:
D:4 !*=[}


Innate Abilities, Weirdness & Mutations

You cannot wear most types of armour.
You are very stealthy in the water. (Stealth+)
You are amphibious.
You can wear up to eight rings at the same time.
You can use your tentacles to constrict eight enemies at once.
Your skin changes colour to match your surroundings (Stealth+).
Your rubbery body absorbs attacks. (AC +1, EV +1)


Message History

The orc warrior is lightly wounded.
The orc warrior shouts!
The orc warrior hits you from afar with a glaive!
The orc warrior hits you with a glaive!
Casting: Flame Tongue (safe; 1% risk of failure)
Confirm with . or Enter, or press ? or * to list all spells.
Aiming: Sticky Flame (safe; 7% risk of failure)
Press: ? - help, Shift-Dir - straight line, f/p - orc warrior
Aim: an orc warrior, wielding a glaive and wearing a chain mail (lightly wounded)
The sticky flame hits the orc warrior.
The orc warrior is moderately wounded.
The orc warrior is covered in liquid flames!
The orc warrior burns!
The orc warrior burns!
The orc warrior completely misses you.
The orc warrior burns!
The orc warrior throws a tomahawk.
The tomahawk closely misses you.
You see here a tomahawk.
The orc warrior burns!
The orc warrior throws a tomahawk.
The tomahawk hits you!!
You die... .. #..###.# .. . #......#####... .# .# # ##.###......... .# ... #..###<# #.###..... .# gg..

#.....o###.###....#
.#.....
#.#####......... .
...g._. #.##.###..
.# #(##... .#
#@###### .# #.# .#
#.# .. #.# ## ...
###


You could see an orc warrior (burning).

Vanquished Creatures
  A black bear (D:6)
  An ice beast (D:6)
  A sky beast (D:6)
  A phantom (D:5)
  An ogre (D:4)
  2 centaurs (D:5)
  A big kobold (D:4)
  A scorpion (D:5)
  2 gnoll shamans
  5 orc priests
  Terence (D:2)
  7 worker ants
  An iguana (D:4)
  An orc wizard (D:3)
  3 adders
  8 gnolls
  A shadow imp (D:5)
  An ooze (D:4)
  2 worms (D:2)
  5 dart slugs
  8 leopard geckos
  14 orcs
  6 bats
  5 giant cockroaches
  12 goblins
  9 hobgoblins
  20 kobolds
  5 quokkas
  6 frilled lizards
  A quokka zombie (D:5)
  6 rats
138 creatures vanquished.

Vanquished Creatures (others)
  An adder skeleton (D:4)
  A kobold (D:4)
2 creatures vanquished.

Grand Total: 140 creatures vanquished

Notes
Turn   | Place    | Note
-------+----------+-------------------------------------------
     0 | D:1      | inc the Octopode Fire Elementalist began the quest for the Orb.
     0 | D:1      | Reached XP level 1. HP: 11/11 MP: 3/3
    73 | D:1      | Reached XP level 2. HP: 14/17 MP: 5/5
   503 | D:1      | Reached XP level 3. HP: 20/21 MP: 6/6
  1318 | D:2      | Reached XP level 4. HP: 27/27 MP: 2/7
  1426 | D:2      | Noticed Terence
  1447 | D:2      | Killed Terence
  1821 | D:3      | Found a sparkling altar of Nemelex Xobeh.
  2030 | D:3      | Reached XP level 5. HP: 31/31 MP: 3/8
  2183 | D:3      | Found a burning altar of Makhleb.
  2332 | D:3      | Found a faded altar of an unknown god.
  2746 | D:4      | Found Cino's Gadget Emporium.
  2765 | D:4      | Found Fyeluigg's General Store.
  2816 | D:4      | Found Batiut's Antique Armour Shoppe.
  2817 | D:4      | Found Vaugh's Jewellery Shop.
  3246 | D:3      | Reached XP level 6. HP: 23/36 MP: 3/9
  3854 | D:4      | Reached skill level 5 in Conjurations
  3913 | D:4      | Found Bahej's Distillery.
  3921 | D:4      | Bought a potion of heal wounds for 65 gold pieces
  3962 | D:4      | Learned a level 4 spell: Sticky Flame
  3971 | D:4      | Reached skill level 5 in Fire Magic
  4608 | D:4      | Reached XP level 7. HP: 27/41 MP: 5/10
  5763 | D:5      | Entered Level 5 of the Dungeon
  5784 | D:5      | Found an ornate altar of the Wu Jian Council.
  6578 | D:5      | Reached XP level 8. HP: 46/46 MP: 4/11
  7049 | D:6      | Found a bloodstained altar of Trog.
  7631 | D:6      | Found a shimmering altar of Xom.
  8447 | D:6      | Hit by a tomahawk thrown by an orc warrior

Vault maps used:
D:1:      dpeg_arrival_subterranean_lakeside_camping
D:2:      nrook_mini_vaults, uniq_terence
D:3:      lemuel_crystal_altar, old_standard_altar,
          chequers_ecumenical_altar_island
D:4:      kennysheep_kobold_camp, first_ration, serial_shops,
          nicolae_shop_crystal, nicolae_shop_competitors_out_of_business, shop,
          nicolae_shop_window_shopping, nicolae_shop_trees
D:5:      old_standard_altar
D:6:      lemuel_crystal_altar, old_standard_altar

Skill      XL: |  1  2  3  4  5  6  7  8 |
---------------+-------------------------+-----
Conjurations   | 2 3 4 5 6 7 |  7.8
Fire Magic     | 4 5 6 7 |  7.7
Dodging        | |  2.0
Stealth        | |  2.6
Spellcasting   | |  2.0

Action                   |  1- 3 |  4- 6 |  7- 9 || total
-------------------------+-------+-------+-------++-------
Melee: Unarmed           |    49 |     3 |       ||    52
       Constrict         |    13 |    18 |     6 ||    37
       Tentacles         |    12 |     5 |     4 ||    21
       Mace              |       |    13 |       ||    13
       Short sword       |       |    42 |    21 ||    63
 Cast: Flame Tongue      |    33 |    78 |   115 ||   226
       Sticky Flame      |       |       |    12 ||    12
  Use: Scroll            |       |     5 |       ||     5
       Potion            |       |     2 |       ||     2
 Stab: Sleeping          |     6 |     5 |       ||    11
  Eat: Chunk             |     1 |     9 |     7 ||    17
       Ration            |       |     1 |     2 ||     3
Armor: Skin              |     3 |    13 |     1 ||    17
Dodge: Dodged            |    39 |    55 |    63 ||   157

Table legend:
 A = Spawn XP
 B = Non-spawn XP
 C = Spawn XP percentage of total XP
 D = Spawn monster count
 E = Non-spawn monster count
 F = Spawn count percentage of total count
 G = Total turns spent on level
                    A         B        C        D         E        F      G
               +---------+---------+-------+---------+---------+-------+---------
         Total |       0 |    2042 |   0.0 |       0 |     138 |   0.0 |  8447
               +---------+---------+-------+---------+---------+-------+---------
           D:1 |       0 |      38 |   0.0 |       0 |      20 |   0.0 |   765
           D:2 |       0 |      91 |   0.0 |       0 |      21 |   0.0 |  1013
           D:3 |       0 |     172 |   0.0 |       0 |      30 |   0.0 |  2230
           D:4 |       0 |     592 |   0.0 |       0 |      41 |   0.0 |  1831
           D:5 |       0 |     635 |   0.0 |       0 |      18 |   0.0 |  2222
           D:6 |       0 |     514 |   0.0 |       0 |       8 |   0.0 |   386
               +---------+---------+-------+---------+---------+-------+---------
